 Dungeon Crawl Stone Soup version 0.28-a0-1429-gf3d713df7a (webtiles) character file.

Game seed: 9711375663272209642

314 Deminshera the Sneak (level 6, -3/32 HPs)
             Began as a Vine Stalker Brigand on Jan 8, 2022.
             Slain by a wight (13 damage)
             ... on level 4 of the Dungeon.
             The game lasted 00:03:19 (3182 turns).

Deminshera the Sneak (Vine Stalker Brigand)         Turns: 3182, Time: 00:03:20

Health: -3/32      AC:  4    Str: 13    XL:     6   Next: 43%
Magic:  0/7        EV: 11    Int: 11    God:
Gold:   176        SH:  5    Dex: 18    Spells: 5/5 levels left

rFire   + . .      SeeInvis +   a - +2 dagger
rCold   . . .      Faith    .   k - +0 buckler
rNeg    . . .      Spirit   +   y - +0 leather armour
rPois   .          Reflect  .   (no helmet)
rElec   .          Harm     .   c - +0 cloak
rCorr   .          Rampage  .   (no gloves)
Will    .....                   (no boots)
Stlth   +++.......              (no amulet)
HPRegen 0.90/turn               p - ring of see invisible
MPRegen 0.10/turn               r - ring of protection from fire

@: no status effects
A: fangs 2, regeneration 1, magic shield, antimagic bite, no potion heal 2
a: no special abilities


You were on level 4 of the Dungeon.
You visited 1 branch of the dungeon, and saw 4 of its levels.

You collected 176 gold pieces.

Inventory:

Hand Weapons
 a - a +2 dagger (weapon)
Missiles
 d - 8 poisoned darts (quivered)
 e - 2 curare-tipped darts
Armour
 c - a +0 cloak (worn)
 k - a +0 buckler (worn)
 y - a +0 leather armour (worn)
Jewellery
 i - a ring of fire
 p - a ring of see invisible (left hand)
 r - a ring of protection from fire (right hand)
 A - a ring of protection from fire
Wands
 n - a wand of charming (4)
 s - a wand of flame (16)
 t - a wand of polymorph (4)
 w - a wand of iceblast (7)
Scrolls
 b - a scroll of teleportation {unknown}
 g - 2 scrolls of magic mapping {unknown}
 h - a scroll of fear {unknown}
 j - a scroll of enchant weapon {unknown}
 l - a scroll of vulnerability {unknown}
 m - 2 scrolls of noise {unknown}
 u - a scroll of amnesia {unknown}
 x - a scroll of identify {unknown}
Potions
 f - 2 potions of resistance {unknown}
 o - a potion of attraction {unknown}
 q - 2 potions of might
 v - 2 potions of mutation {unknown}
 z - a potion of curing {unknown}
 B - a potion of degeneration {unknown}


   Skills:
 + Level 3.3 Fighting
 + Level 3.3 Short Blades
 - Level 2.0 Throwing
 - Level 0.7 Dodging
 + Level 6.3 Stealth
 + Level 2.4 Shields


You had 5 spell levels left.
You didn't know any spells.
Your spell library contained the following spells:

 Spells                   Type           Power      Damage    Failure   Level
 Passage of Golubria      Tloc           0%         N/A       99%         4
 Silence                  Hex/Air        0%         N/A       100%        5
 Lehudib's Crystal Spear  Conj/Erth      0%         10d2      100%        8


Dungeon Overview and Level Annotations

Branches:
Dungeon (4/15)
 Temple: D:4-7

Altars:


Innate Abilities, Weirdness & Mutations

You have extremely sharp teeth.
Your natural rate of healing is unusually fast.
When hurt, damage is shared between your health and your magic reserves.
Your bite disrupts and absorbs the magic of your enemies.
Potions cannot restore your health.


Message History

Press: ? - help, Shift-Dir - straight line, f - wight, p - wight
Aim: a wight, wielding a +3 war axe and wearing a +0 robe (moderately damaged, chance to affect: 49%)
The wight resists with some effort.
You block the wight's attack.
Aiming: Charm
Press: ? - help, Shift-Dir - straight line, f/p - wight
Aim: a wight, wielding a +3 war axe and wearing a +0 robe (moderately damaged, chance to affect: 49%)
The wight is charmed.
The wight misses you. The wight closely misses you.
You hit the wight but do no damage. Your bite misses the wight.
The wight is lightly damaged.
Your wight hits the wight with a +3 war axe! x2
The wight is destroyed!
The wight hits your wight with a +0 dagger.
You catch the helpless wight completely off-guard!
You puncture the wight!
You destroy the wight!
Your life force feels restored.
Really attack your wight?
You hit your wight but do no damage.
The wight is no longer charmed.
Your bite misses the wight.
The wight is heavily damaged.
The wight misses you.
You hit the wight but do no damage. You bite the wight, but do no damage.
The wight is heavily damaged.
The wight completely misses you.
You hit the wight.
The wight is heavily damaged.
The wight hits you with a +3 war axe!
You hit the wight but do no damage.
The wight is heavily damaged.
The wight hits you with a +3 war axe!
* * * LOW HITPOINT WARNING * * *
You hit the wight but do no damage. You bite the wight, but do no damage.
The wight is heavily damaged.
The wight misses you.
You hit the wight.
The wight is severely damaged.
You closely miss the wight. You bite the wight, but do no damage.
The wight is severely damaged.
The wight hits you with a +3 war axe!
You die...

#######......# #...#
..........######...#
..........#........#
..........#........#
..........#........#
..........#.....)..#
..........## #...#
#+#.....###.####)).#
#..#######....@z.#
#.##.....##......#
#.#.......#.|....#
#....†>..........#
#..8.....8.#.....#
####.........#.....#
.......8.8...#.....#
.............#.....#
......#......#.....#


You could see a wight.

Vanquished Creatures
  A wight (D:4)
  Ijyb (D:3)
  Jessica (D:3)
  Natasha (thrice) (D:2)
  An orc wizard (D:3)
  4 adders
  3 orcs (D:3)
  5 ball pythons
  6 bats
  4 endoplasms
  A giant cockroach (D:3)
  4 goblins
  4 hobgoblins
  3 kobolds
  2 quokkas (D:2)
  3 frilled lizards
  A rat (D:2)
47 creatures vanquished.

Vanquished Creatures (collateral kills)
  A wight (D:4)
1 creature vanquished.

Vanquished Creatures (others)
  A wight (D:4)
1 creature vanquished.

Grand Total: 49 creatures vanquished

Notes
Turn   | Place    | Note
-------+----------+-------------------------------------------
     0 | D:1      | Deminshera the Vine Stalker Brigand began the quest for the
                  | Orb.
     0 | D:1      | Reached XP level 1. HP: 11/11 MP: 2/2
   191 | D:1      | Found a faded altar of an unknown god.
   228 | D:1      | Reached skill level 5 in Stealth
   228 | D:1      | Reached XP level 2. HP: 15/15 MP: 3/3
   931 | D:2      | Reached XP level 3. HP: 16/18 MP: 4/4
  1147 | D:2      | Noticed Natasha
  1152 | D:2      | Killed Natasha
  1153 | D:2      | Reached skill level 1 in Shields
  1153 | D:2      | Gained mutation: Your natural rate of healing is unusually
                  | fast. [Vine Stalker growth]
  1153 | D:2      | Reached XP level 4. HP: 23/23 MP: 5/5
  1399 | D:2      | Noticed Natasha
  1407 | D:2      | Killed Natasha
  1580 | D:2      | Noticed Natasha
  1595 | D:2      | Killed Natasha
  1744 | D:3      | Reached XP level 5. HP: 27/27 MP: 6/6
  1894 | D:3      | Noticed Ijyb
  1903 | D:3      | Killed Ijyb
  2115 | D:3      | Noticed Jessica
  2129 | D:3      | Killed Jessica
  2130 | D:3      | Reached skill level 6 in Stealth
  3024 | D:4      | Reached XP level 6. HP: 32/32 MP: 7/7
  3182 | D:4      | Slain by a wight

Illustrated notes

Levels and vault maps discovered:
D:1:      lightli_molten_gateway, layout_basic, ebering_ecumenical_altar_box,
          serial_park_tiny_1
D:2:      layout_rooms, serial_forest, infiniplex_forest_straight_2,
          infiniplex_forest_lined_3_way, infiniplex_forest_lined_3_way,
          infiniplex_forest_straight_4, infiniplex_forest_lined_3,
          minmay_crystal_room, uniq_natasha
D:3:      layout_basic, minmay_misc_feat_plants, grunt_ministairs_15,
          kennysheep_generic_room_8, uniq_jessica, uniq_ijyb
D:4:      layout_gridville, serial_shops, nicolae_shop_statue_plus,
          serial_glass, glass_columns_a, glass_columns_c, glass_columns_a,
          glass_columns_c, glass_columns_a, glass_columns_a, minivault_5,
          grunt_ministairs_9, corexii_shack, grunt_tough_drop

Skill      XL: |  1  2  3  4  5 |
---------------+----------------+-----
Fighting       | 2 3 |  3.3
Short Blades   | 2 3 |  3.3
Throwing       | 2 |  2.0
Stealth        | 5 6 |  6.3
Shields        | 1 2 |  2.4
Dodging        | |  0.7

Action                   |  1- 3 |  4- 6 || total
-------------------------+-------+-------++-------
Melee: Dagger            |    51 |   113 ||   164
       Bite              |    11 |    30 ||    41
       Unarmed           |       |     3 ||     3
Evoke: Wand              |       |     5 ||     5
 Stab: Sleeping          |     9 |     5 ||    14
       Distracted        |     1 |     1 ||     2
Armor: Robe              |     8 |    17 ||    25
       Leather armour    |       |     1 ||     1
Dodge: Dodged            |    16 |    56 ||    72
Block: Buckler           |     4 |    24 ||    28

Table legend: (Time is in decaauts)
 A = Elapsed time spent in this place.
 B = Non-inter-level travel time spent in this place.
 C = Inter-level travel time spent in this place.
 D = Time resting spent in this place.
 E = Time spent auto-exploring this place.
 F = Levels seen in this place.
 G = Mean time per level.
                   A        B        C        D        E       F      G
               +--------+--------+--------+--------+--------+-----+--------+
         Total |   3165 |   3049 |    116 |    353 |   2227 |   4 |  791.2 |
       Dungeon |   3165 |   3049 |    116 |    353 |   2227 |   4 |  791.2 |
               +--------+--------+--------+--------+--------+-----+--------+

Top non-repeatable levels by time:
     D:3: 1251 daAuts
     D:2: 1223 daAuts
     D:1: 488 daAuts
     D:4: 201 daAuts
